[gd_scene load_steps=22 format=2]

[ext_resource path="res://scripts/level1-4.gd" type="Script" id=1]
[ext_resource path="res://resources/background4.png" type="Texture" id=2]
[ext_resource path="res://prefabs/fan.tscn" type="PackedScene" id=3]
[ext_resource path="res://prefabs/camera.tscn" type="PackedScene" id=4]
[ext_resource path="res://resources/lamp.png" type="Texture" id=5]
[ext_resource path="res://resources/lamp_light.png" type="Texture" id=6]
[ext_resource path="res://scripts/level1-4to1-3.gd" type="Script" id=7]
[ext_resource path="res://scripts/level1-4to1-5.gd" type="Script" id=8]

[sub_resource type="RectangleShape2D" id=1]

custom_solver_bias = 0.0
extents = Vector2( 192, 10 )

[sub_resource type="RectangleShape2D" id=2]

custom_solver_bias = 0.0
extents = Vector2( 21, 11 )

[sub_resource type="RectangleShape2D" id=3]

custom_solver_bias = 0.0
extents = Vector2( 21, 33 )

[sub_resource type="RectangleShape2D" id=4]

custom_solver_bias = 0.0
extents = Vector2( 3, 50 )

[sub_resource type="RectangleShape2D" id=5]

custom_solver_bias = 0.0
extents = Vector2( 56, 32 )

[sub_resource type="RectangleShape2D" id=6]

custom_solver_bias = 0.0
extents = Vector2( 25, 39 )

[sub_resource type="RectangleShape2D" id=7]

custom_solver_bias = 0.0
extents = Vector2( 10, 10 )

[sub_resource type="OccluderPolygon2D" id=8]

closed = true
cull_mode = 2
polygon = PoolVector2Array( 169, 145, 169, 210, 275, 210, 275, 145 )

[sub_resource type="OccluderPolygon2D" id=9]

closed = true
cull_mode = 0
polygon = PoolVector2Array( 0, 214, 0, 224, 384, 224, 384, 214 )

[sub_resource type="RectangleShape2D" id=10]

custom_solver_bias = 0.0
extents = Vector2( 9, 3 )

[sub_resource type="RectangleShape2D" id=11]

custom_solver_bias = 0.0
extents = Vector2( 10, 10 )

[sub_resource type="RectangleShape2D" id=12]

custom_solver_bias = 0.0
extents = Vector2( 10, 37 )

[sub_resource type="RectangleShape2D" id=13]

custom_solver_bias = 0.0
extents = Vector2( 5, 90 )

[node name="Node2D" type="Node2D"]

script = ExtResource( 1 )

[node name="background4" type="Sprite" parent="." index="0"]

z_index = -1
texture = ExtResource( 2 )
centered = false
_sections_unfolded = [ "Offset", "Transform", "Z Index" ]

[node name="StaticBody2D" type="StaticBody2D" parent="background4" index="0"]

input_pickable = false
collision_layer = 1
collision_mask = 1
constant_linear_velocity = Vector2( 0, 0 )
constant_angular_velocity = 0.0
friction = 1.0
bounce = 0.0

[node name="CollisionShape2D" type="CollisionShape2D" parent="background4/StaticBody2D" index="0"]

position = Vector2( 192, 220 )
shape = SubResource( 1 )

[node name="CollisionShape2D2" type="CollisionShape2D" parent="background4/StaticBody2D" index="1"]

position = Vector2( 65, 200 )
shape = SubResource( 2 )

[node name="CollisionShape2D3" type="CollisionShape2D" parent="background4/StaticBody2D" index="2"]

position = Vector2( 26, 178 )
shape = SubResource( 3 )

[node name="CollisionShape2D5" type="CollisionShape2D" parent="background4/StaticBody2D" index="3"]

position = Vector2( 3, 162 )
shape = SubResource( 4 )

[node name="CollisionShape2D6" type="CollisionShape2D" parent="background4/StaticBody2D" index="4"]

position = Vector2( 224, 177 )
shape = SubResource( 5 )

[node name="CollisionShape2D7" type="CollisionShape2D" parent="background4/StaticBody2D" index="5"]

position = Vector2( 302, 156 )
shape = SubResource( 6 )

[node name="CollisionPolygon2D" type="CollisionPolygon2D" parent="background4/StaticBody2D" index="6"]

build_mode = 0
polygon = PoolVector2Array( 327, 122, 349, 114, 375, 201, 354, 208 )

[node name="CollisionShape2D8" type="CollisionShape2D" parent="background4/StaticBody2D" index="7"]

position = Vector2( 46, 166 )
shape = SubResource( 7 )
_sections_unfolded = [ "Transform" ]

[node name="LightOccluder2D2" type="LightOccluder2D" parent="background4" index="1"]

occluder = SubResource( 8 )
light_mask = 1
__meta__ = {
"_edit_lock_": true
}

[node name="LightOccluder2D3" type="LightOccluder2D" parent="background4" index="2"]

occluder = SubResource( 9 )
light_mask = 1
__meta__ = {
"_edit_lock_": true
}

[node name="StaticBody2D" parent="." index="1" instance=ExtResource( 3 )]

position = Vector2( 57.5207, 172.465 )
rotation = 5.49779
_sections_unfolded = [ "Transform" ]

[node name="camera" parent="." index="2" instance=ExtResource( 4 )]

current = false

[node name="RigidBody2D" type="RigidBody2D" parent="." index="3"]

position = Vector2( 178, 47 )
input_pickable = false
collision_layer = 1
collision_mask = 1
mode = 0
mass = 5.0
friction = 1.0
bounce = 0.0
gravity_scale = 1.0
custom_integrator = false
continuous_cd = 0
contacts_reported = 0
contact_monitor = false
sleeping = false
can_sleep = true
linear_velocity = Vector2( 0, 0 )
linear_damp = 0.0
angular_velocity = 0.0
angular_damp = 0.0
_sections_unfolded = [ "Angular", "Linear" ]

[node name="Sprite" type="Sprite" parent="RigidBody2D" index="0"]

texture = ExtResource( 5 )

[node name="Light2D" type="Light2D" parent="RigidBody2D/Sprite" index="0"]

position = Vector2( 1, 28 )
enabled = true
editor_only = false
texture = ExtResource( 6 )
offset = Vector2( 0, 0 )
texture_scale = 0.25
color = Color( 1, 0.94902, 0.537255, 0.443137 )
energy = 1.0
mode = 0
range_height = 0.0
range_z_min = -1024
range_z_max = 1024
range_layer_min = 0
range_layer_max = 0
range_item_cull_mask = 1
shadow_enabled = true
shadow_color = Color( 0, 0, 0, 0 )
shadow_buffer_size = 2048
shadow_gradient_length = 0.0
shadow_filter = 0
shadow_filter_smooth = 0.0
shadow_item_cull_mask = 1
_sections_unfolded = [ "Shadow", "Transform" ]
__meta__ = {
"_edit_lock_": true
}

[node name="CollisionShape2D" type="CollisionShape2D" parent="RigidBody2D" index="1"]

position = Vector2( 0, 26 )
shape = SubResource( 10 )

[node name="StaticBody2D2" type="StaticBody2D" parent="." index="4"]

position = Vector2( 178, 17 )
input_pickable = false
collision_layer = 1
collision_mask = 1
constant_linear_velocity = Vector2( 0, 0 )
constant_angular_velocity = 0.0
friction = 1.0
bounce = 0.0

[node name="CollisionShape2D" type="CollisionShape2D" parent="StaticBody2D2" index="0"]

shape = SubResource( 11 )

[node name="PinJoint2D" type="PinJoint2D" parent="." index="5"]

position = Vector2( 178, 17 )
node_a = NodePath("../RigidBody2D")
node_b = NodePath("../StaticBody2D2")
bias = 0.0
disable_collision = true
softness = 0.0

[node name="Area2D" type="Area2D" parent="." index="6"]

position = Vector2( -19, 67 )
input_pickable = true
gravity_vec = Vector2( 0, 1 )
gravity = 98.0
linear_damp = 0.1
angular_damp = 1.0
monitoring = false
collision_layer = 0
audio_bus_override = false
audio_bus_name = "Master"
script = ExtResource( 7 )
_sections_unfolded = [ "Collision" ]

[node name="CollisionShape2D" type="CollisionShape2D" parent="Area2D" index="0"]

shape = SubResource( 12 )

[node name="Area2D2" type="Area2D" parent="." index="7"]

position = Vector2( 397, 115 )
input_pickable = true
gravity_vec = Vector2( 0, 1 )
gravity = 98.0
linear_damp = 0.1
angular_damp = 1.0
collision_layer = 0
audio_bus_override = false
audio_bus_name = "Master"
script = ExtResource( 8 )
_sections_unfolded = [ "Collision" ]

[node name="CollisionShape2D" type="CollisionShape2D" parent="Area2D2" index="0"]

position = Vector2( 1, 0 )
shape = SubResource( 13 )


